 Dungeon Crawl Stone Soup version 0.31.0-12-g77e489cdc1 (webtiles) character file.

Game seed: 5048636986152185515

5 Silvore the Ducker (level 1, -1/12 HPs)
             Began as a Felid Monk on Feb 17, 2024.
             Slain by an endoplasm (3 damage)
             ... on level 1 of the Dungeon.
             The game lasted 00:00:38 (413 turns).

Silvore the Ducker (Felid Monk)                      Turns: 413, Time: 00:00:38

Health: -1/12      AC:  1    Str:  7    XL:     1   Next: 66%
Magic:  2/2        EV: 19    Int: 13    God:
Gold:   28         SH:  0    Dex: 18    Spells: 0/0 levels left
                                        Lives:  0   Deaths: 1

rFire   . .          .
                       - Unarmed
rCold   . . .        (shield unavailable)
rNeg    . . .        (body armour unavailable)
rPois   .            (helmet unavailable)
rElec   .            (cloak unavailable)
rCorr   .            (gloves unavailable)
SInv    +            (boots unavailable)
Will    .....        (no amulet)
Stlth   ++           (no ring)
HPRegen 0.22/turn    (no ring)
MPRegen 0.08/turn

%: no passive effects
@: no status effects
A: very small, claws 1, fangs 3, see invisible, shaggy fur 1, stealthy paws, no
weapons or thrown items, no armour, multi-lived
a: no special abilities


You were on level 1 of the Dungeon.
You visited 1 branch of the dungeon, and saw 1 of its levels.

You collected 28 gold pieces.

Inventory:

Jewellery
 e - a ring of wizardry
Scrolls
 b - 2 scrolls of identify {unknown}
 c - a scroll of teleportation {unknown}
 g - a scroll of brand weapon {unknown}
Potions
 a - a potion of ambrosia
 d - a potion of cancellation {unknown}
 f - a potion of might {unknown}
 h - a potion of curing {unknown}


   Skills:
 + Level 3.1 Fighting
 + Level 4.1 Dodging
 + Level 3.1 Unarmed Combat


You couldn't memorise any spells.
You didn't know any spells.
Your spell library was empty.

Dungeon Overview and Level Annotations

Branches:
Dungeon (1/15)

Altars:


Innate Abilities, Weirdness & Mutations

You have sharp claws.
You have razor-sharp teeth.
You have supernaturally acute eyesight. (SInv)
You are covered in fur. (AC +1)
Your paws help you pounce on unaware monsters.
You are incapable of wielding weapons or throwing items.
You cannot wear armour.
You gain extra lives every three experience levels.


Message History

You are frozen.
You die...
You rejoin the land of the living...
Unknown command.
Unknown command.
Unknown command.
You see here 2 stones.
You now have 28 gold pieces (gained 14).
You see here the felid corpse of Silvore.
An endoplasm comes into view.
An endoplasm is nearby!
An endoplasm is nearby!
The endoplasm quivers.
The endoplasm completely misses you. The endoplasm misses you.
The endoplasm closely misses you. The endoplasm closely misses you.
The endoplasm misses you. The endoplasm hits you.
The endoplasm closely misses you. The endoplasm completely misses you.
The endoplasm misses you. The endoplasm freezes you.
You are frozen.
The endoplasm freezes you.
You are frozen.
The endoplasm closely misses you. The endoplasm completely misses you.
The endoplasm completely misses you. The endoplasm freezes you.
You are frozen.
The endoplasm freezes you.
You are frozen.
* * * LOW HITPOINT WARNING * * *
The endoplasm barely misses you. The endoplasm closely misses you.
The endoplasm misses you. The endoplasm completely misses you.
The endoplasm hits you.
You die...

####...#######
+.........+.............
#.........####...#######
#.......#.......#
#.........###.#.##
#.........# #....#
#.........# ###..#
.#....$.J..#####..#
.......@..........#
.#.........######.#
...........# #.#
##.........######.#
#................#
#.#.....##########
#.#.....# # #######


You could see an endoplasm.

Vanquished Creatures
  An endoplasm (D:1)
  2 hobgoblins (D:1)
  A quokka (D:1)
4 creatures vanquished.

Notes
Turn   | Place    | Note
-------+----------+-------------------------------------------
     0 | D:1      | Silvore the Felid Monk began the quest for the Orb.
     0 | D:1      | Reached XP level 1. HP: 12/12 MP: 2/2
   290 | D:1      | Frozen to death by an endoplasm
   290 | D:1      | Lost a life (0 lives remaining)
   413 | D:1      | Slain by an endoplasm

Illustrated notes

Levels and vault maps discovered:
D:1:      roderic_crop_circles_arrival_small, layout_loops_corners

Action                     || total
---------------------------++-------
  Melee: Unarmed           ||    15
         Punch             ||     1
         Bite              ||     1
 Armour: Skin              ||     4
  Dodge: Dodged            ||    31
